 Dungeon Crawl Stone Soup version 0.29.1-1-gd02db6906a (webtiles) character file.

Game seed: 10817846808155501092

32 MisterFreud the Twirler (level 3, -2/27 HPs)
             Began as a Formicid Gladiator on Sept 30, 2022.
             Killed from afar by Terence (5 damage)
             ... with a puff of flame
             ... on level 2 of the Dungeon.
             The game lasted 00:00:57 (394 turns).

MisterFreud the Twirler (Formicid Gladiator)         Turns: 394, Time: 00:00:58

Health: -2/27      AC:  3    Str: 20    XL:     3   Next: 42%
Magic:  3/3        EV: 12    Int:  7    God:
Gold:   15         SH:  0    Dex: 15    Spells: 2/2 levels left

rFire   + . .      SeeInvis +   a - +0 quarterstaff
rCold   . . .      Faith    .   (no shield)
rNeg    . . .      Spirit   .   b - +0 leather armour
rPois   .          Reflect  .   (helmet unavailable)
rElec   .          Harm     .   (no cloak)
rCorr   .          Rampage  .   (no gloves)
Will    .....                   (no boots)
Stlth   +.........              (no amulet)
HPRegen 0.09/turn               (no ring)
MPRegen 0.08/turn               (no ring)

@: no status effects
A: permanent stasis, dig shafts and tunnels, antennae 3, four strong arms, fire
resistance 1
a: Dig, Shaft Self


You were on level 2 of the Dungeon.
You visited 1 branch of the dungeon, and saw 2 of its levels.

You collected 45 gold pieces.
You spent 30 gold pieces at shops.

Inventory:

Hand Weapons
 a - a +0 quarterstaff (weapon)
Missiles
 c - 3 throwing nets (quivered)
 d - a javelin
Armour
 b - a +0 leather armour (worn)
Scrolls
 f - a scroll of identify {unknown}
Potions
 g - a potion of curing
 h - a potion of invisibility {unknown}


   Skills:
 - Level 2.1 Fighting
 + Level 4.3 Staves
 - Level 2.0 Throwing
 - Level 2.6 Dodging


You had 2 spell levels left.
You didn't know any spells.
Your spell library contained the following spells:

 Spells                   Type           Power      Damage    Failure   Level
 Shock                    Conj/Air       0%         1d3       50%         1
 Airstrike                Air            0%         2d(0-16)  99%         4
 Swiftness                Air            Unusable   N/A       N/A         3

Dungeon Overview and Level Annotations

Branches:
Dungeon (2/15)

Altars:

Shops:
D:1 !

Annotations:
D:2 Terence


Innate Abilities, Weirdness & Mutations

You cannot be hasted, slowed, berserked, paralysed or teleported.
You can dig through walls and to a lower floor.
You have a pair of large antennae on your head. (SInv)
Your four strong arms can wield two-handed weapons with a shield.
Your flesh is heat resistant. (rF+)


Message History

The adder hisses angrily.
The ball python bites you. The ball python constricts you.
You hit the ball python.
The ball python is moderately wounded.
The ball python bites you but does no damage.
The ball python constricts you.
The ball python bites you but does no damage.
The ball python constricts you.
You escape the ball python's grasp.
The quokka bites you. The ball python closely misses you.
The ball python completely misses you.
You barely miss the ball python.
The ball python bites you but does no damage.
The ball python barely misses you.
You hit the ball python.
You kill the ball python!
You hit Terence.
Terence is moderately wounded.
Terence misses you.
Terence hits you with a +3 falchion of flaming.
Terence burns you.
You barely miss Terence.
Terence is lightly wounded.
Terence barely misses you.
You are too injured to fight recklessly!
You barely miss Terence.
Terence is lightly wounded.
Terence zaps a wand.
The puff of flame hits you!
* * * LOW HITPOINT WARNING * * *
You hit Terence.
Terence is moderately wounded.
Terence says, "Time to say good-bye..."
Terence barely misses you.
You are too injured to fight recklessly!
You barely miss Terence.
Terence is moderately wounded.
Terence closely misses you.
It was a potion of mutation.
You feel extremely strange.
You feel robust.
You feel resistant to heat.
You feel frail.
Terence zaps a wand.
The puff of flame hits you. You resist.
You die...

#.# #.##. #.# #.#
#.##. #.# #.# #.##.
#.# #.# .....# #.#
#.# ... #.# #.# .#
#.# #.# ##
####.###.###....
#.....@@r.....#
.....##.###S#.....#
#### #.# #........
... ..#......
##.##.#.#>....
#...# # ..... ####
##.: .


You could see Terence, an adder and a quokka.

Vanquished Creatures
  An adder (D:2)
  A worm (D:2)
  2 endoplasms
  A giant cockroach (D:2)
  A goblin (D:1)
  4 hobgoblins
  A quokka (D:1)
  5 ball pythons
  2 kobolds
  2 rats
20 creatures vanquished.

Notes
Turn   | Place    | Note
-------+----------+-------------------------------------------
     0 | D:1      | MisterFreud the Formicid Gladiator began the quest for the
                  | Orb.
     0 | D:1      | Reached XP level 1. HP: 16/16 MP: 1/1
    68 | D:1      | Reached XP level 2. HP: 19/22 MP: 2/2
   143 | D:1      | Found Uzxumaadu's Distillery.
   151 | D:1      | Bought a potion of curing for 30 gold pieces
   158 | D:1      | You fall into a shaft and drop 1 floor!
   317 | D:2      | Reached skill level 4 in Staves
   317 | D:2      | Reached XP level 3. HP: 27/27 MP: 3/3
   379 | D:2      | Noticed Terence
   394 | D:2      | Gained mutation: You are robust. (+10% HP) [potion of
                  | mutation]
   394 | D:2      | Gained mutation: Your flesh is heat resistant. (rF+)
                  | [potion of mutation]
   394 | D:2      | Lost mutation: You are robust. (+10% HP) [potion of
                  | mutation]
   394 | D:2      | Killed from afar by Terence

Illustrated notes

Levels and vault maps discovered:
D:1:      minmay_arrival_checkered_box, layout_rooms, serial_shops,
          nicolae_shop_statue_plus, minmay_tetromino_i2
D:2:      layout_loops_ring, nicolae_ecumenical_pavilion,
          hangedman_abyss_or_decor_stabs, roderic_cross_of_infinity,
          uniq_terence

Skill      XL: |  1  2 |
---------------+-------+-----
Staves         | 4 |  4.3
Fighting       | |  2.1
Throwing       | |  2.0
Dodging        | |  2.6

Action                   || total
-------------------------++-------
Melee: Quarterstaff      ||    53
  Use: Potion            ||     1
Armor: Leather armour    ||    12
Dodge: Dodged            ||    38
